 Dungeon Crawl Stone Soup version 0.24.0-1-gfbc8707122 (webtiles) character file.

Game seed: 12329165471260484668, levelgen mode: deterministic

90439 DildoBatman the Earth Mage (level 16, -1/127 (134) HPs)
             Began as a Formicid Wizard on Oct 26, 2019.
             Was an Initiate of Gozag.
             Slain by an ettin
             ... wielding a +0 dire flail
              (30 damage)
             ... on level 15 of the Dungeon on Oct 27, 2019.
             The game lasted 01:50:03 (26679 turns).

DildoBatman the Earth Mage (Formicid Wizard)       Turns: 26679, Time: 01:50:03

HP:   -1/127 (134)  AC: 20    Str: 17    XL:     16   Next: 47%
MP:   3/37          EV: 19    Int: 20    God:    Gozag
Gold: 4537          SH: 17    Dex: 12    Spells: 9/31 levels left

rFire    x . .     SeeInvis +   Z - +11 great mace of the Immovable Tables {crush, +Rage rPois rF- rN+}
rCold    + . .     Gourm    .   D - +2 shield
rNeg     + . .     Faith    .   T - +4 ring mail of Protective Custody {Regen+ MP+9 Int-5 Slay+5}
rPois    +         Spirit   .   (helmet unavailable)
rElec    .         Reflect  .   p - +2 cloak {rC+}
rCorr    .         Harm     .   s - +2 pair of gloves {Str+3}
MR       +....                  J - +1 pair of boots
Stlth    +.........             (no amulet)
HPRegen  0.71/turn              m - +4 ring of evasion
MPRegen  0.25/turn              W - +3 ring of dexterity

@: gold aura
A: permanent stasis, dig shafts and tunnels, four strong arms, antennae 3, large
bone plates 1, clever 1, sense surroundings 1, robust 1
a: Dig, Shaft Self, Potion Petition, Call Merchant, Bribe Branch, Renounce
Religion


You were on level 15 of the Dungeon.
You worshipped Gozag.
Gozag was most pleased with you.
You were not hungry.

You visited 4 branches of the dungeon, and saw 24 of its levels.
You also visited: Ice Cave.

You collected 5396 gold pieces.
You spent 191 gold pieces at shops.
You paid 668 gold pieces to Gozag.

Inventory:

Hand Weapons
 a - the +1 halberd "Udghykiw" {chop, Int+7}
   (You found it in an ice cave)

   It inflicts extra damage upon your enemies.
   It affects your intelligence (+7).
 b - the +6 rapier "Zidu" {pain, *Drain rElec rC+++ Str-4}
   (You found it on level 6 of the Lair of Beasts)

   In the hands of one skilled in necromantic magic, it inflicts extra damage on
   living creatures.
   It affects your strength (-4).
   It renders you almost immune to cold.
   It insulates you from electricity.
   It causes draining when unequipped.
 Z - the +11 great mace of the Immovable Tables (weapon) {crush, +Rage rPois rF- rN+}
   (You found it on level 6 of the Lair of Beasts)

   It inflicts extra damage upon your enemies.
   It makes you vulnerable to fire.
   It protects you from poison.
   It protects you from negative energy.
   It lets you go berserk.
Missiles
 o - 83 arrows
 u - 3 silver javelins (quivered)
 w - 24 bolts
Armour
 p - a +2 cloak of cold resistance (worn)
 s - a +2 pair of gloves of strength (worn)
 D - a +2 shield (worn)
 J - a +1 pair of boots (worn)
 T - the +4 ring mail of Protective Custody (worn) {Regen+ MP+9 Int-5 Slay+5}
   (You found it on level 10 of the Dungeon)

   It affects your intelligence (-5).
   It affects your accuracy and damage with ranged weapons and melee attacks
   (+5).
   It affects your magic capacity (+9).
   It increases your rate of regeneration.
Magical Staves
 E - an uncursed staff of energy
Jewellery
 d - an uncursed ring of protection from magic
 m - a +4 ring of evasion (left hand)
 H - an uncursed ring of magical power
 I - an uncursed ring of protection from cold
 W - a +3 ring of dexterity (right hand)
Wands
 c - a wand of iceblast (32)
 K - a wand of acid (4)
 R - a wand of scattershot (9)
Scrolls
 e - 6 scrolls of amnesia
 h - 4 scrolls of fog
 l - 2 scrolls of holy word {unknown}
 r - 2 scrolls of identify
 x - 6 scrolls of remove curse
 A - 5 scrolls of fear
 C - 5 scrolls of magic mapping
 P - a scroll of vulnerability {unknown}
 U - 2 scrolls of summoning
Potions
 f - 13 potions of heal wounds
 g - 7 potions of flight
 i - a potion of haste {unknown}
 j - 2 potions of cancellation
 k - a potion of resistance {unknown}
 n - 6 potions of lignification
 q - 12 potions of curing
 t - 9 potions of might
 B - a potion of magic
 G - 2 potions of invisibility
 L - a potion of agility
 O - a potion of brilliance
 Q - 2 potions of ambrosia {unknown}
Miscellaneous
 F - a phial of floods
 N - a fan of gales
 X - a sack of spiders
 Y - a box of beasts
Comestibles
 v - 20 rations


   Skills:
 - Level 10.0 Fighting
 - Level 10.0 Armour
 - Level 8.0 Dodging
 - Level 2.4 Stealth
 - Level 9.0 Shields
 * Level 8.2 Spellcasting
 - Level 6.1 Conjurations
   Level 1.0 Summonings
 - Level 10.0 Necromancy
   Level 0.8 Translocations
 - Level 5.1 Fire Magic
 - Level 5.2 Air Magic
 * Level 17.8 Earth Magic


You had 9 spell levels left.
You knew the following spells:

 Your Spells              Type           Power        Failure   Level  Hunger
a - Conjure Flame         Conj/Fire      ####....     4%          3    None
b - Borgnjor's Vile Clut  Necr/Erth      ######....   1%          5    #####..
c - Magic Dart            Conj           ####         1%          1    None
d - Vampiric Draining     Necr           #####.....   1%          3    None
e - Mephitic Cloud        Conj/Pois/Air  ###.....     9%          3    None
h - Dispel Undead         Necr           #####...     6%          5    #####..
z - Sublimation of Blood  Necr           #####.....   1%          2    None

Your spell library contained the following spells:

 Spells                   Type           Power        Failure   Level  Hunger
 Animate Skeleton         Necr           N/A          1%          1    None
 Flame Tongue             Conj/Fire      ####.        1%          1    None
 Pain                     Necr           ####         1%          1    None
 Searing Ray              Conj           ####..       1%          2    None
 Throw Flame              Conj/Fire      ####..       1%          2    None
 Animate Dead             Necr           N/A          2%          4    ###....
 Leda's Liquefaction      Hex/Erth       #####.....   3%          4    ###....
 Throw Frost              Conj/Ice       ###...       6%          2    None
 Agony                    Necr           #####...     6%          5    #####..
 Bolt of Magma            Conj/Fire/Erth #####.....   7%          5    #####..
 Iskenderun's Mystic Bla  Conj           ####....     11%         4    ###....
 Dazzling Spray           Conj/Hex       ###...       12%         3    None
 Freeze                   Ice            #...         14%         1    None
 Call Imp                 Summ           ##......     14%         2    None
 Inner Flame              Hex/Fire       ###.....     14%         3    None
 Sticky Flame             Conj/Fire      ####....     14%         4    ###....
 Iron Shot                Conj/Erth      ######....   16%         6    ######.
 Slow                     Hex            #.......     21%         2    None
 Force Lance              Conj/Tloc      ###.....     32%         4    ###....
 Death Channel            Necr           #####.....   32%         6    ######.
 Fulminant Prism          Conj/Hex       ###.......   36%         4    ###....
 Summon Lightning Spire   Summ/Air       ###.....     36%         4    ###....
 Throw Icicle             Conj/Ice       ###.....     36%         4    ###....
 Fireball                 Conj/Fire      ####......   36%         5    #####..
 Ozocubu's Armour         Chrm/Ice       #.......     38%         3    None
 Statue Form              Tmut/Erth      #####....    47%         6    ######.
 Summon Ice Beast         Ice/Summ       ##......     73%         4    ###....
 Silence                  Hex/Air        ###.......   77%         5    #####..
 Conjure Ball Lightning   Conj/Air       ####......   89%         6    ######.
 Deflect Missiles         Chrm/Air       ###.......   100%        6    ######.
 Haunt                    Necr/Summ      ####......   100%        7    #######
 Borgnjor's Revivificati  Necr           #####.....   100%        8    #######
 Death's Door             Chrm/Necr      ####......   100%        8    #######
 Infestation              Necr           #####.....   100%        8    #######
 Necromutation            Tmut/Necr      ####......   100%        8    #######
 Shatter                  Erth           ######....   100%        9    #######
 Tornado                  Air            ####......   100%        9    #######
 Blink                    Tloc           Unusable     N/A         2    N/A

Dungeon Overview and Level Annotations

Branches:
Dungeon (15/15)            Temple (1/1) D:7            Lair (6/6) D:11
  Swamp (0/4) Lair:4        Snake (0/4) Lair:2        Slime (0/5) Lair:5
    Orc (2/2) D:9             Elf (0/3) Orc:2        Vaults (0/5) D:13
  IceCv (visited)
 Depths: D:15

Altars:
Ashenzari
Cheibriados
Dithmenos
Elyvilon
Fedhas
Gozag
Hepliaklqana
Kikubaaqudgha
Makhleb
Nemelex Xobeh
Okawaru
Qazlal
Ru
Sif Muna
Trog
Uskayaw
Vehumet
Wu Jian
Xom
Yredelemnul
Zin
The Shining One
Jiyva

Shops:
D:5 }*   D:6 :%   D:8 (   D:11 ?   Orc:2 ([*=

Annotations:
D:11 1 runed translucent door, xzight's ghost, journeyman MiBe


Innate Abilities, Weirdness & Mutations

You cannot be hasted, slowed, berserked, paralysed or teleported.
You can dig through walls and to a lower floor.
Your four strong arms can wield two-handed weapons with a shield.
You have a pair of large antennae on your head. (SInv)
You are partially covered in large bone plates. (SH +4)
Your mind is acute. (Int +2)
You passively map a small area around you.
You are robust. (+10% HP)


Message History

The centaur appears confused.
The centaur hits the centaur warrior.
The four-headed hydra struggles to escape constriction.
The ettin hits you with a +0 dire flail!
The ettin hits you with a +0 dire flail!!
The centaur warrior is engulfed in noxious fumes.
The centaur warrior appears confused.
The centaur warrior becomes distracted by the nearby gold, dreaming of imaginary riches.
The tengu warrior is engulfed in noxious fumes.
The tengu warrior appears confused.
The tengu warrior struggles to escape constriction.
The centaur is engulfed in noxious fumes.
The centaur appears confused.
The centaur completely misses the centaur warrior.
The four-headed hydra escapes!
The tengu warrior struggles to escape constriction.
The ettin hits you with a +0 dire flail!!!
The ettin hits you with a +0 dire flail!!
You die...
Your body crumbles into a pile of gold.

, #. , , . #. { { , ,, , ,
.. .. , , #.#$########### ,
, #............. , ,,
#..cc○.....).. , ,
*..#..Qc.D....... ,
.....☼QC§$...... , * ,,*
*....####@########### ,, ,.
#........#.....# , , , , ,
#........#.....#{
##################(..#.....#
,
............#..#...........#
,+
............#..'...........#
#.....#############+##...###
* ......#......#...........#
, ......'......'...........+
,


You could see a four-headed hydra, an ettin, 2 tengu warriors, a centaur warrior
(confused) and 2 centaurs.

Vanquished Creatures
  Gastronok (Lair:1)
  2 orc warlords (Orc:2)
  A frost giant (IceCv)
  An ironheart preserver (D:13)
  The ghost of Hiywul the Fighter, a journeyman MiHu of Trog (Lair:4)
  8 hydras
  A death knight (D:14)
  2 catoblepae
  A two-headed ogre (D:9)
  2 centaur warriors
  5 death yaks
  Harold (D:7)
  A merfolk avatar (Lair:6)
  2 tengu warriors (D:14)
  Urug (D:12)
  5 orc high priests
  Nergalle (Lair:4)
  A deep troll (D:15)
  An unseen horror (D:12)
  Pikel (D:9)
  A lindwurm (Lair:6)
  A harpy (Lair:6)
  3 orc knights (Orc:2)
  2 deep elf magi (D:14)
  2 ugly things
  6 manticores
  6 elephants
  5 orc sorcerers
  4 cyclopes
  3 black mambas
  15 spiny frogs
  A torpor snail (Lair:5)
  An ice statue (IceCv)
  A gargoyle (D:14)
  4 rime drakes
  7 komodo dragons
  5 trolls (Orc:1)
  A hydra zombie (Lair:3)
  A death yak skeleton (Lair:4)
  2 wind drakes (Lair:6)
  19 polar bears
  A meliai (D:13)
  A hornet (D:12)
  8 blink frogs
  3 bog bodies (Lair:4)
  3 hydra skeletons
  4 slime creatures (D:13)
  5 dream sheep (Lair:6)
  12 hippogriffs
  2 black mamba zombies
  2 shadows
  A redback (shapeshifter) (D:12)
  6 water elementals (D:14)
  2 vampires
  48 yaks
  A wraith (D:12)
  3 black mamba skeletons
  2 wyverns
  A basilisk (Lair:1)
  A steam dragon (D:12)
  4 hungry ghosts
  A swamp worm (Lair:4)
  4 nagas (Lair:2)
  4 vampire mosquitoes (D:12)
  3 wargs
  3 acid dragons
  14 water moccasins
  13 porcupines
  3 spiny frog zombies
  Duvessa (D:5)
  43 orc warriors
  3 phantoms
  4 slaves (D:9)
  5 ice beasts
  A meliai simulacrum (D:14)
  A hornet zombie (D:14)
  A spiny frog skeleton (Lair:5)
  4 black bears
  6 sky beasts
  3 dream sheep zombies
  2 necrophages
  19 wolves
  5 boggarts (D:14)
  6 ogres
  13 centaurs
  14 crocodiles
  A fire crab zombie (Lair:3)
  2 big kobolds
  18 bullfrogs
  3 komodo dragon zombies
  2 rime drake skeletons (IceCv)
  A wyvern zombie (D:12)
  3 komodo dragon skeletons
  2 hippogriff skeletons
  4 scorpions
  A cyclops zombie (D:14)
  Dowan (D:5)
  A wyvern skeleton (D:10)
  16 killer bees
  A yak zombie (Lair:1)
  3 howler monkeys
  3 yak skeletons
  An electric eel (D:14)
  4 crimson imps
  4 centaur zombies
  10 hounds
  2 bullfrog zombies
  6 centaur skeletons
  24 orc priests
  5 bullfrog skeletons
  4 jellies
  30 orc wizards
  3 porcupine zombies
  Ijyb (D:3)
  9 worker ants
  3 porcupine skeletons
  A big kobold zombie (D:14)
  An ogre zombie (D:14)
  3 crocodile zombies
  2 howler monkey zombies
  A howler monkey skeleton (D:6)
  3 gnolls (D:2)
  9 adders
  2 shadow imps
  12 white imps (Lair:2)
  3 oozes
  A worm (D:2)
  3 dart slugs
  2 leopard geckos (D:3)
  83 orcs
  11 bats
  7 giant cockroaches
  10 goblins
  5 hobgoblins
  4 iguanas
  9 jackals
  17 kobolds
  5 quokkas
  6 frilled lizards
  A leopard gecko zombie (D:6)
  2 quokka skeletons
  A quokka zombie (D:14)
  7 rats
  5 fungi
  8 plants
807 creatures vanquished.

Vanquished Creatures (others)
  An electric eel (Lair:4)
  2 fungi (Lair:6)
  15 plants
18 creatures vanquished.

Grand Total: 825 creatures vanquished

Notes
Turn   | Place    | Note
-------+----------+-------------------------------------------
     0 | D:1      | DildoBatman the Formicid Wizard began the quest for the
                  | Orb.
     0 | D:1      | Reached XP level 1. HP: 13/13 MP: 4/4
    30 | D:1      | Reached skill level 1 in Conjurations
   199 | D:1      | Reached XP level 2. HP: 17/19 MP: 0/6
   643 | D:1      | Reached XP level 3. HP: 24/24 MP: 5/7
   648 | D:1      | Learned a level 3 spell: Conjure Flame
   652 | D:1      | Learned a level 3 spell: Mephitic Cloud
  1326 | D:2      | Reached XP level 4. HP: 30/30 MP: 5/8
  1987 | D:2      | Reached XP level 5. HP: 21/35 MP: 6/9
  2466 | D:3      | Found a shimmering altar of Xom.
  3001 | D:3      | Noticed Ijyb
  3034 | D:3      | Found an ornate altar of the Wu Jian Council.
  3141 | D:4      | Reached XP level 6. HP: 25/41 MP: 3/10
  3209 | D:4      | Reached skill level 5 in Conjurations
  3279 | D:4      | Found a white marble altar of Elyvilon.
  4060 | D:4      | Reached XP level 7. HP: 41/46 MP: 7/11
  4411 | D:5      | Entered Level 5 of the Dungeon
  4476 | D:5      | Found Gouh's Gadget Emporium.
  4654 | D:5      | Found Puyqog's Assorted Antiques.
  4658 | D:5      | Bought a glowing silvery potion for 25 gold pieces
  4658 | D:5      | Bought 2 fizzy blue potions for 50 gold pieces
  4658 | D:5      | Bought a scroll of identify for 56 gold pieces
  4684 | D:5      | Noticed Duvessa
  4684 | D:5      | Noticed Dowan
  4834 | D:5      | Found a shadowy altar of Dithmenos.
  4861 | D:5      | Reached skill level 1 in Fire Magic
  4861 | D:5      | Reached skill level 1 in Air Magic
  4889 | D:5      | Found an opulent altar of Gozag.
  5287 | D:6      | Found Xeerroit's Book Boutique.
  5379 | D:6      | Found a glowing golden altar of the Shining One.
  5550 | D:6      | Reached XP level 8. HP: 12/52 MP: 4/12
  5754 | D:6      | Noticed a hippogriff
  5757 | D:6      | Killed a hippogriff
  5845 | D:6      | Found an iron altar of Okawaru.
  5890 | D:6      | Found Diuqitt's Food Shop.
  6280 | D:7      | Noticed Harold
  6311 | D:7      | Found a staircase to the Ecumenical Temple.
  6339 | Temple   | Entered the Ecumenical Temple
  6633 | D:7      | Reached skill level 5 in Fire Magic
  6695 | D:7      | Reached XP level 9. HP: 28/57 MP: 4/13
  6832 | D:7      | Found a burning altar of Makhleb.
  6873 | D:7      | HP: 1/57 [big kobold/bolt (2)]
  7161 | D:7      | Found a shimmering altar of Xom.
  7163 | D:7      | Found an ancient bone altar of Kikubaaqudgha.
  7166 | D:7      | Found a snail-covered altar of Cheibriados.
  7171 | D:7      | Became a worshipper of Kikubaaqudgha
  7245 | D:6      | Reached skill level 5 in Air Magic
  7444 | D:5      | Killed Duvessa
  7450 | D:5      | Killed Dowan
  7588 | D:3      | Killed Ijyb
  7970 | D:7      | Killed Harold
  8264 | D:7      | Reached XP level 10. HP: 35/63 MP: 11/14
  8604 | D:8      | Found Ciejis's Antique Weapon Boutique.
  8904 | D:8      | Reached * piety under Kikubaaqudgha
  8904 | D:8      | Identified Kikubaaqudgha's Collected Works on Evil Rites
                  | (Kikubaaqudgha gifted it to you on level 8 of the Dungeon)
  8904 | D:8      | Received a gift from Kikubaaqudgha
  8909 | D:8      | Learned a level 2 spell: Sublimation of Blood
  8913 | D:8      | Learned a level 3 spell: Vampiric Draining
  9546 | D:9      | Noticed a two-headed ogre
  9876 | D:9      | Reached skill level 5 in Spellcasting
 10022 | D:9      | Found a basalt altar of Yredelemnul.
 10151 | D:9      | Noticed Pikel
 10176 | D:9      | Killed Pikel
 10217 | D:9      | Found a glowing silver altar of Zin.
 10427 | D:9      | Found a staircase to the Orcish Mines.
 10511 | D:9      | Reached skill level 1 in Shields
 10522 | D:9      | Killed a two-headed ogre
 10522 | D:9      | Reached XP level 11. HP: 43/68 MP: 1/22
 10607 | D:9      | Reached skill level 5 in Shields
 10661 | D:9      | Reached ** piety under Kikubaaqudgha
 10773 | D:10     | Entered Level 10 of the Dungeon
 11120 | D:10     | Gained mutation: You are partially covered in large bone
                  | plates. (SH +4) [potion of mutation]
 11120 | D:10     | Gained mutation: You are robust. (+10% HP) [potion of
                  | mutation]
 11120 | D:10     | Gained mutation: Your mind is acute. (Int +2) [potion of
                  | mutation]
 11120 | D:10     | Gained mutation: You passively map a small area around you.
                  | [potion of mutation]
 11376 | D:10     | Got a jewelled ring mail
 11454 | D:10     | Noticed a manticore
 11469 | D:10     | Killed a manticore
 11921 | D:11     | Noticed a red ugly thing
 11960 | D:11     | Killed a red ugly thing
 11960 | D:11     | Reached skill level 1 in Fighting
 11960 | D:11     | Reached skill level 1 in Armour
 11980 | D:11     | Identified the +4 ring mail of Protective Custody {Regen+
                  | MP+9 Int-5 Slay+5} (You found it on level 10 of the
                  | Dungeon)
 11999 | D:11     | Found a staircase to the Lair.
 12030 | D:11     | Noticed a manticore
 12041 | D:11     | Killed a manticore
 12307 | D:11     | Reached *** piety under Kikubaaqudgha
 12307 | D:11     | Identified Kikubaaqudgha's Guide on Unholy Rites
                  | (Kikubaaqudgha gifted it to you on level 11 of the Dungeon)
 12307 | D:11     | Received a gift from Kikubaaqudgha
 12327 | D:11     | Learned a level 5 spell: Dispel Undead
 12333 | D:11     | Learned a level 5 spell: Borgnjor's Vile Clutch
 12392 | D:11     | Reached skill level 1 in Earth Magic
 12405 | D:11     | Reached skill level 2 in Earth Magic
 12536 | D:11     | Reached skill level 3 in Earth Magic
 12748 | D:11     | Found Sucosmuz's Magic Scroll Shoppe.
 12897 | D:11     | Found a runed translucent door.
 12903 | D:11     | Found a shimmering altar of Xom.
 12903 | D:11     | Noticed xzight's ghost (journeyman MiBe)
 12903 | D:11     | Noticed a +2 morningstar of chaos
 12916 | D:11     | Reached XP level 12. HP: 86/86 MP: 23/23
 13074 | Orc:1    | Entered Level 1 of the Orcish Mines
 13248 | Orc:1    | Reached skill level 4 in Earth Magic
 13651 | Orc:1    | Noticed a sixfirhy
 13662 | Orc:1    | Reached skill level 10 in Necromancy
 13662 | Orc:1    | Reached skill level 5 in Earth Magic
 13844 | Orc:2    | Entered Level 2 of the Orcish Mines
 13856 | Orc:1    | Reached skill level 6 in Earth Magic
 14014 | Orc:1    | Reached skill level 7 in Earth Magic
 14127 | Orc:2    | Reached **** piety under Kikubaaqudgha
 14132 | Orc:2    | Reached skill level 8 in Earth Magic
 14195 | Orc:2    | Found a staircase to the Elven Halls.
 14387 | Orc:2    | Noticed an orc high priest
 14391 | Orc:2    | Noticed an orc warlord
 14447 | Orc:1    | Killed an orc high priest
 14447 | Orc:1    | Reached skill level 9 in Earth Magic
 14556 | Orc:2    | Killed an orc warlord
 14556 | Orc:2    | Reached skill level 10 in Earth Magic
 14678 | Orc:2    | Reached ***** piety under Kikubaaqudgha
 14707 | Orc:2    | Noticed an orc warlord
 14708 | Orc:2    | Noticed an orc high priest
 14709 | Orc:2    | Noticed an orc high priest
 14900 | Orc:2    | Killed an orc warlord
 14900 | Orc:2    | Reached XP level 13. HP: 95/95 MP: 8/24
 15083 | Orc:2    | Reached skill level 5 in Armour
 15204 | Orc:2    | Reached skill level 5 in Fighting
 15260 | Orc:2    | Reached skill level 5 in Dodging
 15655 | Orc:2    | Found Qunuut's Antique Armour Shoppe.
 15663 | Orc:2    | Found Karon's Antique Weapon Emporium.
 15665 | Orc:2    | Found Ymuuluaf's General Store.
 15665 | Orc:2    | Found Utuim's Jewellery Shoppe.
 15670 | Orc:2    | Bought a scroll of fear for 38 gold pieces
 15670 | Orc:2    | Bought a scroll of identify for 22 gold pieces
 16583 | D:12     | Noticed a seven-headed hydra
 16591 | D:12     | Killed a seven-headed hydra
 16651 | D:12     | Noticed Urug
 16662 | D:12     | Killed Urug
 17473 | D:13     | Reached XP level 14. HP: 108/113 MP: 26/26
 17486 | D:13     | Found a gate to the Vaults.
 17486 | D:13     | Noticed an ironheart preserver
 17495 | D:13     | Killed an ironheart preserver
 17495 | D:13     | Reached skill level 11 in Earth Magic
 18309 | D:14     | Reached ****** piety under Kikubaaqudgha
 18311 | D:14     | Received a gift from Kikubaaqudgha
 18313 | D:14     | Fell from the grace of Kikubaaqudgha
 18576 | D:5      | Became a worshipper of Gozag Ym Sagoz the Greedy
 18707 | Lair:1   | Entered Level 1 of the Lair of Beasts
 18743 | Lair:1   | Noticed Gastronok
 18793 | Lair:1   | Killed Gastronok
 19537 | Lair:2   | Found a frozen archway.
 19573 | IceCv    | Entered an ice cave
 19593 | IceCv    | Reached skill level 12 in Earth Magic
 19918 | IceCv    | Noticed a frost giant
 19942 | IceCv    | Killed a frost giant
 20010 | IceCv    | Got an iridescent halberd
 20012 | IceCv    | Identified the cursed +1 halberd "Udghykiw" {chop, Int+7}
                  | (You found it in an ice cave)
 20320 | Lair:2   | Reached XP level 15. HP: 118/118 MP: 27/27
 20531 | Lair:2   | Found a staircase to the Snake Pit.
 21910 | Lair:4   | Found a runed translucent door.
 21916 | Lair:4   | Noticed Hiywul's ghost (journeyman MiHu)
 21924 | Lair:4   | Killed Hiywul's ghost
 21924 | Lair:4   | Reached skill level 10 in Armour
 21925 | Lair:4   | Reached skill level 10 in Fighting
 22013 | Lair:4   | Noticed Nergalle
 22029 | Lair:4   | Killed Nergalle
 22029 | Lair:4   | Reached skill level 13 in Earth Magic
 22979 | Lair:4   | Found a staircase to the Swamp.
 23242 | Lair:5   | Found a staircase to the Slime Pits.
 23243 | Lair:5   | Found a viscous altar of Jiyva.
 23540 | Lair:5   | Reached skill level 14 in Earth Magic
 24252 | Lair:6   | Entered Level 6 of the Lair of Beasts
 24380 | Lair:6   | Reached skill level 15 in Earth Magic
 24565 | Lair:6   | Reached skill level 16 in Earth Magic
 24660 | Lair:6   | Reached XP level 16. HP: 127/127 MP: 28/28
 24893 | Lair:6   | Got a scorched great mace
 24925 | Lair:6   | Identified the +11 great mace of the Immovable Tables
                  | {crush, +Rage rPois rF- rN+} (You found it on level 6 of
                  | the Lair of Beasts)
 24932 | Lair:6   | Got a slimy rapier
 24935 | Lair:6   | Got a faintly glowing robe
 24979 | Lair:6   | Identified the +6 rapier "Zidu" {pain, *Drain rElec rC+++
                  | Str-4} (You found it on level 6 of the Lair of Beasts)
 24991 | Lair:6   | Identified the +2 robe of Nemmups {-Tele rElec rPois rN++}
                  | (You found it on level 6 of the Lair of Beasts)
 25277 | Lair:6   | Found a stormy altar of Qazlal.
 25855 | D:14     | Reached skill level 17 in Earth Magic
 25947 | D:14     | Was forgiven by Kikubaaqudgha
 26592 | D:15     | Entered Level 15 of the Dungeon
 26679 | D:15     | Slain by an ettin

Levels and vault maps discovered:
D:1:      minmay_arrival_jagged, layout_basic
D:2:      layout_loops_ring, minmay_tree_intersection, minmay_pentomino_u4
D:3:      layout_rooms, lemuel_coloured_pillars_altar, serial_bayou_pond_c,
          dk_xom_monty_hall, uniq_ijyb
D:4:      layout_basic, nicolae_overflow_crystal_walls,
          minmay_misc_feat_secret_circle
D:5:      layout_loops_corners, old_standard_altar, grunt_dithmenos_smoke,
          first_ration, serial_shops, nicolae_shop_trees, shop,
          grunt_ministairs_12, uniq_duvessa
D:6:      layout_cave_pools, tso_altar, serial_shops, shop, shop,
          kennysheep_okawaru_gauntlet
D:7:      layout_cave_pools, grunt_temple_overflow_open, kennysheep_little_box,
          minmay_temple_entry_statues_pillars, grunt_ogre_cave, uniq_harold
D:8:      layout_loops_ring, serial_shops, shop_statue
D:9:      layout_stronghold, zin_treasury, overflow_temple_1_default,
          orc_0_dummy, uniq_pikel
D:10:     minmay_chambers_of_sixes, layout_long_grid
D:11:     layout_basic, david_lair_shrubbed, serial_shops, shop,
          ebering_ghost_xom
D:12:     layout_gridville, uniq_urug
D:13:     layout_grid_maze, skrybe_vaults_entry_preservation
D:14:     kennysheep_bubbly, layout_basic, grunt_ministairs_2
D:15:     hangedman_depths_entry_civil_slaughter, layout_grid_maze, basic_altar,
          kennysheep_flooded_box
Temple:   jpeg_temple_clearing
Lair:1:   layout_hall_layers, grunt_megastairs_3, uniq_gastronok
Lair:2:   layout_roguey, minmay_snake_entry_guardpost_medium,
          portal_ice_cave_entry_imps, beast_lair_carwin_4, grunt_megastairs_4
Lair:3:   layout_concentric_octagons, small_statue_intersection,
          patterned_corridor
Lair:4:   layout_layer_cave, nicolae_swamp_entry_splash_gauntlet,
          ebering_ghost_reflecting_pool, grunt_forest_stairs_basic,
          uniq_nergalle
Lair:5:   layout_small_grid, slime_altar_1, lemuel_fruit_tree
Lair:6:   gammafunk_lair_ancient_temple, layout_hall_layers, basic_altar,
          nicolae_lair_yak_garden
Orc:1:    layout_caves
Orc:2:    st_orc_congregation, layout_caves, nicolae_orc_lava_room

Skill      XL: |  1  2  3  4  5  6  7  8  9 10 11 12 13 14 15 16 |
---------------+-------------------------------------------------+-----
Conjurations   | 2 3 4 6 |  6.1
Fire Magic     | 3 5 |  5.1
Air Magic      | 2 4 5 |  5.2
Necromancy     | 7 9 10 | 10.0
Spellcasting   | 7 8 |  8.2
Shields        | 4 9 |  9.0
Fighting       | 2 3 7 9 10 | 10.0
Armour         | 2 3 7 9 10 | 10.0
Dodging        | 2 3 6 8 |  8.0
Earth Magic    | 3 10 12 16 17 | 17.8
Stealth        | |  2.4
Summonings     | |  1.0
Translocations | |  0.8

Action                   |  1- 3 |  4- 6 |  7- 9 | 10-12 | 13-15 | 16-18 || total
-------------------------+-------+-------+-------+-------+-------+-------++-------
Melee: Club              |     6 |     2 |       |       |       |       ||     8
       Flail             |       |    44 |    17 |       |       |       ||    61
       Unarmed           |       |     3 |       |       |       |       ||     3
       Whip              |       |       |    79 |       |       |       ||    79
       Short sword       |       |       |    36 |   575 |   452 |       ||  1063
       Halberd           |       |       |       |       |   320 |    23 ||   343
       Great mace        |       |       |       |       |       |   106 ||   106
 Fire: Shortbow          |       |       |    51 |   137 |     7 |       ||   195
 Cast: Magic Dart        |    62 |   124 |    70 |    23 |    55 |       ||   334
       Mephitic Cloud    |       |     6 |    22 |    79 |    42 |     6 ||   155
       Conjure Flame     |       |     1 |    20 |    47 |    59 |     9 ||   136
       Vampiric Draining |       |       |       |    10 |     1 |       ||    11
       Borgnjor's Vile C |       |       |       |    35 |   133 |    40 ||   208
       Dispel Undead     |       |       |       |     1 |    17 |     3 ||    21
       Sublimation of Bl |       |       |       |     5 |    13 |       ||    18
Invok: Receive Necronomi |       |       |       |       |     1 |       ||     1
       Renounce Religion |       |       |       |       |     1 |       ||     1
 Abil: Dig               |     1 |     6 |    16 |    42 |    37 |     3 ||   105
  Use: Potion            |       |     1 |       |     1 |       |       ||     2
       Scroll            |       |       |     8 |     9 |     9 |     3 ||    29
 Stab: Confused          |       |     6 |     5 |    34 |    28 |       ||    73
       Sleeping          |       |       |     1 |       |     1 |       ||     2
       Distracted        |       |       |       |       |     2 |       ||     2
       Petrified         |       |       |       |       |     2 |       ||     2
  Eat: Chunk             |     1 |    10 |    12 |    42 |    41 |       ||   106
       Ration            |       |       |     2 |       |    12 |     5 ||    19
Armor: Robe              |     1 |    15 |    32 |       |       |       ||    48
       Skin              |       |     1 |       |       |       |       ||     1
       Leather armour    |       |       |    13 |    98 |       |       ||   111
       Ring mail         |       |       |       |    58 |   232 |    60 ||   350
Dodge: Dodged            |     9 |    46 |   128 |   238 |   333 |    94 ||   848
Block: Shield            |       |       |       |   269 |   717 |   141 ||  1127
